AoeStats
← Lord_Wilfredo

MegaRandom

504943557Analyzed
1v1 RM · 25d ago on Sep 7, 2026· 29m 39s· 2 players
Game mode
Random Map
Map size
Tiny (2 player)
Population
200
Speed
Normal
Resources
Standard
Victory
Conquest
Starting age
Dark Age
Ending age
Imperial Age
RankedLock teamsTeams togetherTeam positionsShared explorationLock speedFull tech treeHidden civsTurbo modeCheats
Victory
Defeat
🇯🇵 Jurchens · Japan
1266
+15
🇦🇷 Mongols · Argentina
1254
-15
Lord_Wilfredo
8:28 Loom
10:36 Feudal Age
14:59 Castle Age
13:43 Double-Bit Axe
15:58 Bow Saw
17:16 Horse Collar
25:25 Stone Mining
war-f
4:34 Loom
12:28 Feudal Age
16:21 Castle Age
14:55 Double-Bit Axe
15:58 Town Watch
16:17 Padded Archer Armor
19:19 Horse Collar
23:58 Fletching
25:12 Bodkin Arrow
Connection lost

Rejoining the realm…

Still unreachable

The connection could not be restored.

Session expired

The server has moved on; the page needs a fresh start.